 Seeded DCSS version 0.29.1-1-gd02db6906a (webtiles) character file.

Game seed: 20221014 (custom seed)

24 Nerdsrcool the Conjurer (level 2, 0/20 HPs)
             Began as a Draconian Conjurer on Oct 14, 2022.
             Slain by Jessica
             ... wielding a +0 club
              (1 damage)
             ... on level 2 of the Dungeon.
             The game lasted 00:03:35 (1177 turns).

Nerdsrcool the Conjurer (Draconian Conjurer)        Turns: 1177, Time: 00:03:36

Health: 0/20       AC:  4    Str:  7 (9)  XL:     2   Next: 79%
Magic:  5/5        EV: 12    Int: 15 (18) God:
Gold:   45         SH:  0    Dex:  8 (9)  Spells: 4/5 levels left

rFire   . . .      SeeInvis .   i - +1 dagger (freeze)
rCold   . . .      Faith    .   (no shield)
rNeg    . . .      Spirit   .   (body armour unavailable)
rPois   .          Reflect  .   (helmet restricted)
rElec   .          Harm     .   (no cloak)
rCorr   .          Rampage  .   (no gloves)
Will    .....                   (no boots)
Stlth   ++........              e - amulet of the acrobat
HPRegen 0.06/turn               (no ring)
MPRegen 0.09/turn               (no ring)

@: slowed, very slow
A: AC +4, unfitting armour, cold-blooded
a: no special abilities


You were on level 2 of the Dungeon.
You visited 1 branch of the dungeon, and saw 2 of its levels.

You collected 45 gold pieces.

Inventory:

Hand Weapons
 c - a +0 dagger
 i - a +1 dagger of freezing (weapon)
Jewellery
 e - an amulet of the acrobat (around neck)
Scrolls
 b - a scroll of blinking {unknown}
 h - a scroll of immolation {unknown}
Potions
 a - a potion of magic
 d - a potion of degeneration


   Skills:
 + Level 0.2 Fighting
 + Level 0.4 Short Blades
 + Level 2.1 Dodging
 + Level 1.8 Stealth
 + Level 2.1 Spellcasting
 + Level 4.5 Conjurations


You had 4 spell levels left.
You knew the following spells:

 Your Spells              Type           Power      Damage    Failure   Level
a - Magic Dart            Conj           60%        1d6       3%          1

Your spell library contained the following spells:

 Spells                   Type           Power      Damage    Failure   Level
 Searing Ray              Conj           30%        2d5       5%          2
 Dazzling Flash           Conj/Hex       16%        N/A       26%         3
 Fulminant Prism          Conj/Hex       4%         3d6       65%         4
 Iskenderun's Mystic Bla  Conj/Tloc      8%         2d4       65%         4


Dungeon Overview and Level Annotations

Branches:
Dungeon (2/15)

Altars:

Annotations:
D:2 Jessica


Innate Abilities, Weirdness & Mutations

Your plain brown scales are hard. (AC +4)
You cannot fit into any form of body armour.
You are cold-blooded and may be slowed by cold attacks.


Message History

The magic dart hits the bat.
The bat is severely wounded.
A bat is nearby!
The magic dart hits the bat.
You kill the bat!
Done exploring.
There is a stone staircase leading down here.
You climb downwards.
Found a scroll labelled POAX YSHRUAKH.
There is a stone staircase leading up here.
The magic dart hits Jessica but does no damage.
Jessica shouts!
Jessica gestures at you while chanting. You resist with some effort.
You barely miss Jessica.
Jessica mumbles some strange words.
Jessica blinks!
You hit Jessica. You freeze Jessica.
Jessica is heavily wounded.
Jessica hits you with a +0 club.
You closely miss Jessica. You tail-slap Jessica.
Jessica is severely wounded.
Jessica drinks a potion.
Jessica is healed!
You hit Jessica. You freeze Jessica.
Jessica is moderately wounded.
Jessica hits you with a +0 club.
You hit Jessica. You freeze Jessica.
Jessica is heavily wounded.
You closely miss Jessica.
Jessica is heavily wounded.
Jessica casts a spell at you.
You feel yourself slow down.
You hit Jessica but do no damage.
Jessica is heavily wounded.
Jessica hits you with a +0 club. Jessica hits you with a +0 club!
* * * LOW HITPOINT WARNING * * *
You barely miss Jessica.
Jessica is heavily wounded.
Jessica hits you with a +0 club.
You die... #############.#### ...?...<..@@...... ############.##### #

You could see Jessica.

Vanquished Creatures
  2 ball pythons (D:1)
  A giant cockroach (D:1)
  2 hobgoblins (D:1)
  2 jackals (D:1)
  3 kobolds (D:1)
  4 quokkas (D:1)
  2 bats (D:1)
  4 goblins (D:1)
  A rat (D:1)
21 creatures vanquished.

Vanquished Creatures (others)
  2 fungi (D:1)
2 creatures vanquished.

Grand Total: 23 creatures vanquished

Notes
Turn   | Place    | Note
-------+----------+-------------------------------------------
     0 | D:1      | Nerdsrcool the Draconian Conjurer began the quest for the
                  | Orb.
     0 | D:1      | Reached XP level 1. HP: 14/14 MP: 3/3
   283 | D:1      | Reached XP level 2. HP: 20/20 MP: 0/5
  1165 | D:2      | Noticed Jessica
  1176 | D:2      | HP: 1/20 [Jessica/+0 club (7)]
  1177 | D:2      | Slain by Jessica

Illustrated notes

Levels and vault maps discovered:
D:1:      scummos_arrival_checkerplants, layout_rooms
D:2:      layout_basic, serial_shops, nicolae_diamond_shop, uniq_jessica

Skill      XL: |  1  2 |
---------------+-------+-----
Dodging        | 2 |  2.1
Fighting       | |  0.2
Short Blades   | |  0.4
Stealth        | |  1.8
Spellcasting   | |  2.1
Conjurations   | |  4.5

Action                   || total
-------------------------++-------
Melee: Dagger            ||    47
       Tailslap          ||     6
 Cast: Magic Dart        ||    37
  Use: Potion            ||     3
Armor: Skin              ||    12
Dodge: Dodged            ||    24
